 Dungeon Crawl Stone Soup version 0.17.1-3-g152610e (webtiles) character file.

54401 Badjas the Fighter (level 14, -9/118 HPs)
             Began as a Demonspawn Abyssal Knight on Feb 21, 2016.
             Was the Champion of Lugonu.
             Mangled by a white very ugly thing (27 damage)
             ... on level 9 of the Dungeon.
             The game lasted 01:41:11 (19002 turns).

Badjas the Fighter (Demonspawn Abyssal Knight)     Turns: 19002, Time: 01:41:12

Health: -9/118     AC: 30    Str: 16    XL:     14   Next: 34%
Magic:  0/15       EV: 14    Int: 15    God:    Lugonu [******]
Gold:   879        SH:  6    Dex: 12    Spells: 1 memorised, 11 levels left

rFire  + . .     SeeInvis .     a - +9 eveningstar (flame)
rCold  . . .     Clarity  .     G - +3 scale mail {rPois}
rNeg   . . .     SustAt   .     m - +2 buckler {rF+}
rPois  +         Gourm    .     y - +2 hat
rElec  .         Spirit   +     I - +0 cloak
rCorr  .         Warding  .     D - +1 pair of gloves
rMut   .         Stasis   .     (no boots)
MR     +....                    (no amulet)
Stlth  ..........               O - +2 ring of dexterity
                                h - +3 ring of protection

@: somewhat resistant to hostile enchantments, extremely unstealthy
A: antennae 1, rough black scales 3, spiny 2, magic shield
a: Depart the Abyss, Bend Space, Banish, Corrupt, Enter the Abyss, Brand Weapon
With Distortion, Renounce Religion


You were on level 9 of the Dungeon.
You worshipped Lugonu.
Lugonu was exalted by your worship.
You were not hungry.

You visited 2 branches of the dungeon, and saw 17 of its levels.
You visited the Abyss 1 time.
You also visited: Volcano.

You collected 879 gold pieces.

Inventory:

Hand Weapons
 a - a +9 eveningstar of flaming (weapon)
 b - a +0 blowgun
 s - the +3 whip "Conservator" {elec, rF+}
   (You found it on level 6 of the Dungeon)

   Occasionally, upon striking a foe, it will discharge some electrical energy
   and cause terrible harm.
   It protects you from fire.
 w - a +1 arbalest of flaming
Missiles
 e - 21 poisoned needles
 z - 104 bolts
 A - 8 bolts of flame
 W - 6 needles of confusion
Armour
 m - a +2 buckler of fire resistance (worn)
 y - a +2 hat (worn)
 D - a +1 pair of gloves (worn)
 G - a +3 scale mail of poison resistance (worn)
 I - a +0 cloak (worn)
 M - a +2 plate armour of positive energy
Jewellery
 h - a +3 ring of protection (left hand)
 H - an uncursed amulet of stasis
 J - an uncursed ring of wizardry
 O - a +2 ring of dexterity (right hand)
Wands
 d - a wand of cold (9)
 q - a wand of fire (4)
 B - a wand of teleportation (9)
 K - a wand of paralysis (13)
 Q - a wand of fire (7)
Scrolls
 f - 5 scrolls of remove curse
 g - 5 scrolls of recharging
 i - a scroll of amnesia
 k - 2 scrolls of fear
 u - 5 scrolls of teleportation
 v - 2 scrolls of identify
Potions
 j - a potion of invisibility
 l - 2 potions of brilliance
 o - 6 potions of curing
 p - 3 potions of berserk rage {unknown}
 C - a potion of might
 P - 5 potions of flight {unknown}
 S - 2 potions of agility
 U - 2 potions of mutation {unknown}
 Z - 3 potions of ambrosia
Books
 n - a book of Air

   Spells                             Type                      Level
   a - Shock                          Conjuration/Air              1
   b - Swiftness                      Charms/Air                   2
   c - Repel Missiles                 Charms/Air                   2
   d - Static Discharge               Conjuration/Air              3
   e - Lightning Bolt                 Conjuration/Air              5
 r - a book of Minor Magic

   Spells                             Type                      Level
   a - Magic Dart                     Conjuration                  1
   b - Blink                          Translocation                2
   c - Call Imp                       Summoning                    2
   d - Repel Missiles                 Charms/Air                   2
   e - Slow                           Hexes                        2
   f - Conjure Flame                  Conjuration/Fire             3
   g - Mephitic Cloud                 Conjuration/Poison/Air       3
 x - a book of Unlife

   Spells                             Type                      Level
   a - Recall                         Summoning/Translocation      3
   b - Animate Dead                   Necromancy                   4
   c - Control Undead                 Necromancy                   4
   d - Cigotuvi's Embrace             Necromancy                   5
   e - Death Channel                  Necromancy                   6
   f - Simulacrum                     Ice/Necromancy               6
 R - a book of Burglary

   Spells                             Type                      Level
   a - Swiftness                      Charms/Air                   2
   b - Passwall                       Transmutation/Earth          3
   c - Passage of Golubria            Translocation                4
   d - Lee's Rapid Deconstruction     Earth                        5
   e - Darkness                       Hexes                        6
   f - Invisibility                   Hexes                        6
 T - a book of the Warp

   Spells                             Type                      Level
   a - Recall                         Summoning/Translocation      3
   b - Gell's Gravitas                Hexes/Translocation          3
   c - Force Lance                    Conjuration/Translocation    4
   d - Phase Shift                    Translocation                5
   e - Warp Weapon                    Charms/Translocation         5
   f - Summon Forest                  Summoning/Translocation      5
 V - a book of Maledictions

   Spells                             Type                      Level
   a - Corona                         Hexes                        1
   b - Ensorcelled Hibernation        Hexes/Ice                    2
   c - Confuse                        Hexes                        3
   d - Tukima's Dance                 Hexes                        3
   e - Dazzling Spray                 Conjuration/Hexes            3
Miscellaneous
 E - a lantern of shadows
 N - a plain deck of wonders
 Y - a stone of tremors
Comestibles
 c - 4 meat rations
 t - 28 fruits
 L - 4 beef jerkies


   Skills:
 + Level 13.1 Fighting
   Level 2.6 Long Blades
 + Level 11.6 Maces & Flails
 - Level 0.5 Crossbows
 - Level 2.0 Throwing
 - Level 10.7 Armour
 - Level 12.0 Dodging
 - Level 0.4 Stealth
 * Level 1.4 Shields
 + Level 2.6 Invocations


You had 11 spell levels left.
You knew the following spells:

 Your Spells              Type           Power        Failure   Level  Hunger
a - Repel Missiles        Chrm/Air       #.....       98%         2    ###....


Dungeon Overview and Level Annotations

Branches:
Dungeon (9/15)             Temple (0/1) D:5            Lair (8/8) D:8
  Swamp (0/4) Lair:5        Snake (0/4) Lair:5        Slime (0/6) Lair:8
    Orc: D:9-12

Altars:
Cheibriados
Dithmenos
Kikubaaqudgha
Makhleb
Nemelex Xobeh
Okawaru
Trog
Xom
Jiyva

Annotations:
D:7 SirMumm's ghost, novice DEWz


Innate Abilities, Weirdness & Mutations

You have a pair of small antennae on your head.
You are completely covered in rough black scales (AC +10, Dex -3).
You are mostly covered in sharp spines.
When hurt, damage is shared between your health and your magic reserves.


Message History

The white very ugly thing freezes you!!!
Press: ? - help, v - describe, . - travel
Here: a white very ugly thing (severely wounded)
The floor, spattered with blood.
Unknown command.
Unknown command.
You sock the white very ugly thing! You burn the white very ugly thing.
The white very ugly thing is almost dead.
The white very ugly thing is struck by your spines.
The white very ugly thing stings you.
The white very ugly thing freezes you!!!
* * * LOW HITPOINT WARNING * * *
You are too injured to fight recklessly!
You hit the white very ugly thing but do no damage.
The white very ugly thing is almost dead.
The white very ugly thing is struck by your spines.
The white very ugly thing stings you!
* * * LOW HITPOINT WARNING * * *
The white very ugly thing freezes you!!
You die...

#######################
......................##
##############.........#
# #.........######..# #
#....###### ####..#
######.........##...##.#
#............###u# #.#
#........./#...#@# .#.#
).............##.###.#.#
..........###.###...##.#
.......#.#.. ..##'##..#
.......#.#... ####.##..#
.............. #.##..#
......[..#.... #.....#
...###...# #####.# ...#
[..# ....


You could see a white very ugly thing.

Vanquished Creatures
  Gastronok (Lair:3)
  Maud (Lair:6)
  Nessos (Lair:5)
  Josephine (Lair:5)
  4 hydras
  A death yak (Lair:5)
  Urug (Lair:3)
  Pikel (D:7)
  An ugly thing (D:8)
  4 griffons (Lair:7)
  15 elephants
  2 black mambas
  Psyche (D:9)
  2 torpor snails (Lair:1)
  23 spiny frogs
  5 fire drakes
  6 komodo dragons
  A queen bee (Lair:7)
  5 giant leeches
  31 blink frogs
  A polar bear (Lair:5)
  26 yaks
  5 fire elementals (Volcano)
  A hog (D:7)
  2 basilisks
  3 fire bats (Lair:4)
  4 wraiths (Lair:5)
  A hungry ghost (D:8)
  7 vampire mosquitoes (Lair:8)
  A human (D:7)
  Menkaure (D:7)
  11 wolves
  8 hippogriffs
  3 wargs (D:8)
  8 porcupines
  5 nagas (Lair:5)
  Duvessa (D:7)
  11 water moccasins
  An ice beast (D:6)
  A black bear (Lair:1)
  2 slaves (D:7)
  3 ogres
  A necrophage (D:6)
  An orc warrior (D:8)
  15 crocodiles
  3 centaurs
  22 giant frogs
  Dowan (D:7)
  3 scorpions
  5 wights (D:6)
  6 electric eels
  43 killer bees
  A jelly (D:7)
  8 crimson imps
  A giant frog zombie (D:6)
  9 orc priests
  2 giant frog skeletons
  8 iguanas
  Terence (D:2)
  4 hounds
  6 worker ants
  5 hell rats (Lair:5)
  4 orc wizards
  8 sheep
  A hound skeleton (D:6)
  3 gnolls (D:3)
  53 river rats
  8 adders
  3 shadow imps
  2 oozes
  An adder skeleton (D:6)
  3 worms
  3 giant geckos
  28 orcs
  2 bats
  3 giant cockroaches
  4 goblins
  9 hobgoblins
  10 jackals
  5 quokkas
  2 ball pythons
  2 giant newts
  8 kobolds
  27 rats
  A bush (D:1)
  A plant (Lair:8)
549 creatures vanquished.

Vanquished Creatures (others)
  A sky beast (D:7)
  2 orc wizards
  A jelly (D:7)
  An orc (D:7)
  A fire vortex (Volcano)
  8 fungi
  17 plants
31 creatures vanquished.

Grand Total: 580 creatures vanquished

Notes
Turn   | Place    | Note
--------------------------------------------------------------
     0 | Abyss:1  | Badjas the Demonspawn Abyssal Knight began the quest for the Orb.
     0 | Abyss:1  | Reached XP level 1. HP: 18/18 MP: 2/2
     5 | D:1      | Escaped the Abyss
   180 | D:1      | Gained mutation: You have a pair of small antennae on your head. [demonic ancestry]
   180 | D:1      | Reached XP level 2. HP: 22/24 MP: 3/3
   971 | D:1      | Reached skill level 1 in Dodging
  1154 | D:1      | Reached ** piety under Lugonu
  1225 | D:2      | Found an ancient bone altar of Kikubaaqudgha.
  1267 | D:2      | Found a sparkling altar of Nemelex Xobeh.
  1278 | D:2      | Gained mutation: You are partially covered in sharp spines. [demonic ancestry]
  1278 | D:2      | Reached XP level 3. HP: 26/29 MP: 4/4
  1306 | D:2      | Noticed Terence
  1312 | D:2      | Killed Terence
  1463 | D:2      | Gained mutation: You are partially covered in rough black scales (AC +4, Dex -1). [demonic ancestry]
  1463 | D:2      | Reached XP level 4. HP: 37/37 MP: 5/5
  1629 | D:2      | Reached *** piety under Lugonu
  1944 | D:3      | Reached skill level 4 in Fighting
  2214 | D:3      | Gained mutation: You are mostly covered in rough black scales (AC +7, Dex -2). [demonic ancestry]
  2214 | D:3      | Reached XP level 5. HP: 42/42 MP: 6/6
  2261 | D:3      | Found a snail-covered altar of Cheibriados.
  2262 | D:3      | Found a bloodstained altar of Trog.
  3518 | D:5      | Entered Level 5 of the Dungeon
  3535 | D:5      | Found a shimmering altar of Xom.
  3705 | D:4      | Noticed a phantom
  3869 | D:5      | Reached XP level 6. HP: 49/49 MP: 7/7
  4010 | D:5      | Reached **** piety under Lugonu
  4021 | D:5      | Reached skill level 1 in Throwing
  4030 | D:5      | Reached XP level 7. HP: 40/55 MP: 8/8
  4315 | D:5      | Found a staircase to the Ecumenical Temple.
  4460 | D:6      | Reached skill level 5 in Fighting
  4782 | D:6      | Reached XP level 8. HP: 59/62 MP: 9/9
  4816 | D:6      | Reached skill level 5 in Dodging
  4828 | D:6      | Reached skill level 5 in Armour
  4972 | D:6      | Found a burning altar of Makhleb.
  4980 | D:6      | Got a shimmering whip
  4993 | D:6      | Identified the cursed +3 whip "Conservator" {elec, rF+} (You found it on level 6 of the Dungeon)
  5148 | D:7      | Noticed Pikel
  5257 | D:7      | Noticed Duvessa
  5258 | D:7      | Noticed Dowan
  5357 | D:7      | Noticed SirMumm's ghost (novice DEWz)
  5363 | D:6      | Reached skill level 6 in Fighting
  5435 | D:7      | Killed Duvessa
  5439 | D:7      | Killed Dowan
  5506 | D:7      | Noticed Menkaure
  5528 | D:7      | Killed Menkaure
  5528 | D:7      | Gained mutation: You are mostly covered in sharp spines. [demonic ancestry]
  5528 | D:7      | Reached XP level 9. HP: 44/71 MP: 10/10
  5670 | D:7      | Reached skill level 1 in Maces & Flails
  5688 | D:7      | Reached ***** piety under Lugonu
  5854 | D:7      | Killed Pikel
  5854 | D:7      | Reached skill level 7 in Fighting
  5876 | D:7      | Found an iron altar of Okawaru.
  6480 | D:8      | Gained mutation: When hurt, damage is shared between your health and your magic reserves. [demonic ancestry]
  6480 | D:8      | Reached XP level 10. HP: 79/79 MP: 11/11
  6668 | D:8      | Found a staircase to the Lair.
  6764 | D:8      | Reached skill level 8 in Dodging
  6770 | D:8      | Noticed a red ugly thing
  6774 | Lair:1   | Entered Level 1 of the Lair of Beasts
  7090 | Lair:1   | Learned a level 2 spell: Repel Missiles
  7131 | Lair:1   | Noticed a seven-headed hydra
  7140 | Lair:1   | Killed a seven-headed hydra
  7444 | Lair:1   | Reached skill level 9 in Dodging
  7729 | Lair:1   | Reached XP level 11. HP: 74/87 MP: 12/12
  7845 | Lair:1   | Reached skill level 5 in Maces & Flails
  8243 | Lair:1   | Found a snail-covered altar of Cheibriados.
  8556 | Lair:2   | Reached ****** piety under Lugonu
  9428 | Lair:2   | Reached skill level 10 in Dodging
  9653 | Lair:3   | Noticed Gastronok
  9768 | Lair:3   | Killed Gastronok
  9768 | Lair:3   | Reached XP level 12. HP: 55/96 MP: 8/13
 10158 | Lair:3   | Noticed Urug
 10175 | Lair:3   | Killed Urug
 10396 | Lair:4   | Found a dark tunnel.
 10397 | Lair:4   | Reached skill level 10 in Armour
 10411 | Volcano  | Entered a volcano
 10472 | Volcano  | Reached skill level 11 in Dodging
 10660 | Lair:4   | Noticed a seven-headed hydra
 10683 | Lair:4   | Killed a seven-headed hydra
 11317 | Lair:4   | Noticed an eight-headed hydra
 11830 | Lair:4   | Killed an eight-headed hydra
 11999 | Lair:5   | Noticed Nessos
 12061 | Lair:5   | Killed Nessos
 12061 | Lair:5   | Reached skill level 10 in Fighting
 12296 | Lair:5   | Noticed Josephine
 12323 | Lair:5   | Killed Josephine
 13074 | Lair:5   | Found a staircase to the Swamp.
 13125 | Lair:5   | Reached skill level 12 in Dodging
 13154 | Lair:5   | Found a staircase to the Snake Pit.
 13666 | Lair:6   | Noticed Maud
 13700 | Lair:6   | Killed Maud
 13700 | Lair:6   | Reached XP level 13. HP: 37/104 MP: 5/14
 13994 | Lair:6   | Noticed an eight-headed hydra
 14050 | Lair:6   | Killed an eight-headed hydra
 15740 | Lair:7   | Reached skill level 10 in Maces & Flails
 16039 | Lair:8   | Entered Level 8 of the Lair of Beasts
 16594 | Lair:8   | Found a staircase to the Slime Pits.
 16600 | Lair:8   | Found a viscous altar of Jiyva.
 16619 | Lair:8   | Gained mutation: You are completely covered in rough black scales (AC +10, Dex -3). [demonic ancestry]
 16619 | Lair:8   | Reached XP level 14. HP: 98/116 MP: 12/15
 17990 | Lair:8   | Reached skill level 13 in Fighting
 18012 | Lair:8   | Reached skill level 1 in Shields
 18466 | D:8      | Killed a red ugly thing
 18684 | D:8      | Found a shadowy altar of Dithmenos.
 18907 | D:9      | Noticed Psyche
 18912 | D:9      | Killed Psyche
 19002 | D:9      | Mangled by a white very ugly thing

Action                   |  1- 3 |  4- 6 |  7- 9 | 10-12 | 13-15 || total
-------------------------+-------+-------+-------+-------+-------++-------
Melee: Falchion          |   216 |   109 |    68 |       |       ||   393
       Whip              |       |       |   153 |   697 |   521 ||  1371
       Great sword       |       |       |    13 |       |       ||    13
       Eveningstar       |       |       |       |    23 |   178 ||   201
 Fire: Blowgun           |       |     8 |    24 |    17 |     6 ||    55
       Arbalest          |       |     4 |     4 |     3 |    10 ||    21
Throw: Tomahawk          |       |       |     3 |       |       ||     3
  Use: Scroll            |     1 |       |     9 |    16 |     6 ||    32
       Potion            |       |       |     2 |     2 |     5 ||     9
 Stab: Distracted        |       |       |       |     1 |       ||     1
       Confused          |       |       |       |     1 |       ||     1
  Eat: Chunk             |     2 |     7 |     8 |    14 |    18 ||    49
       Fruit             |       |     1 |     1 |     6 |     1 ||     9
       Beef jerky        |       |       |       |     2 |       ||     2
